 Dungeon Crawl Stone Soup version 0.26.1-10-gdfb7c7de75 (webtiles) character file.

Game seed: 1474565958670441147

102 tardwrangler69 the Skirmisher (level 4, -4/25 HPs)
             Began as a Vine Stalker Fighter on Apr 11, 2021.
             Slain by an orc
             ... wielding a +0 club
              (5 damage)
             ... while paralysed by Grinder
             ... on level 3 of the Dungeon.
             The game lasted 00:02:08 (1816 turns).

tardwrangler69 the Skirmisher (VSFi)                Turns: 1816, Time: 00:02:09

Health: -4/25      AC:  7    Str: 19    XL:     4   Next: 78%
Magic:  0/5        EV:  2    Int:  8    God:
Gold:   84         SH:  0    Dex: 14    Spells: 3/3 levels left

rFire    . . .     SeeInvis .   a - +0 rapier
rCold    . . .     Faith    .   c - +0 kite shield
rNeg     . . .     Spirit   +   b - +0 scale mail
rPois    .         Reflect  .   m - +0 helmet
rElec    .         Harm     .   (no cloak)
rCorr    .         Rampage  .   (no gloves)
Will     .....                  (no boots)
Stlth    ..........             (no amulet)
HPRegen  0.48/turn              (no ring)
MPRegen  0.09/turn              (no ring)

@: paralysed
A: fangs 2, regeneration 1, magic shield, antimagic bite, no potion heal 3
a: no special abilities


You were on level 3 of the Dungeon.
You visited 1 branch of the dungeon, and saw 3 of its levels.

You collected 84 gold pieces.

Inventory:

Hand Weapons
 a - a +0 rapier (weapon)
Armour
 b - a +0 scale mail (worn)
 c - a +0 kite shield (worn)
 m - a +0 helmet (worn)
Scrolls
 e - a scroll of remove curse {unknown}
 f - 2 scrolls of magic mapping {unknown}
 g - 3 scrolls of identify {unknown}
 i - a scroll of noise {unknown}
 j - a scroll of enchant armour {unknown}
 k - 2 scrolls of amnesia {unknown}
Potions
 d - a potion of might
 h - a potion of degeneration {unknown}
 l - a potion of heal wounds {unknown}


   Skills:
 + Level 3.6 Fighting
 + Level 3.6 Short Blades
 - Level 2.4 Armour
 - Level 2.6 Shields


You had 3 spell levels left.
You didn't know any spells.
Your spell library was empty.

Dungeon Overview and Level Annotations

Branches:
Dungeon (3/15)

Altars:

Annotations:
D:3 Grinder, Terence


Innate Abilities, Weirdness & Mutations

You have extremely sharp teeth.
Your natural rate of healing is unusually fast.
When hurt, damage is shared between your health and your magic reserves.
Your bite disrupts and absorbs the magic of your enemies.
Potions cannot restore your health.


Message History

You suddenly lose the ability to move!
The orc hits you but does no damage. x2
Grinder hits you but does no damage.
The orc hits you from afar with a +0 trident.
The orc barely misses you.
Terence hits you from afar with a +0 trident.
Grinder gestures at you. Pain shoots through your body!
* * * LOW HITPOINT WARNING * * *
The orc hits you from afar with a +0 trident.
* * * LOW HITPOINT WARNING * * *
The orc hits you with a +0 club.
* * * LOW HITPOINT WARNING * * *
Grinder hits you.
* * * LOW HITPOINT WARNING * * *
You writhe in agony.
* * * LOW HITPOINT WARNING * * *
Terence hits you but does no damage.
The orc hits you from afar with a +0 trident.
The orc hits you with a +0 club.
You die...

####.#.# .# .
......###.##
.##.#......$..
.........>.#
#.......<.#
.........#
#.#.###@.o....#
.......)5.....#
##.###@o.....#
####...## ...#
..# ..# .# ..


You could see Grinder, Terence and 2 orcs.

Vanquished Creatures
  Robin (D:2)
  3 adders (D:2)
  2 oozes (D:2)
  A worm (D:2)
  A leopard gecko (D:2)
  3 orcs
  4 bats
  A giant cockroach (D:2)
  10 goblins
  9 hobgoblins
  3 jackals (D:1)
  4 frilled lizards (D:2)
  2 kobolds (D:2)
  3 rats
47 creatures vanquished.

Notes
Turn   | Place    | Note
-------+----------+-------------------------------------------
     0 | D:1      | tardwrangler69 the Vine Stalker Fighter began the quest for
                  | the Orb.
     0 | D:1      | Reached XP level 1. HP: 11/11 MP: 2/2
   107 | D:1      | Reached XP level 2. HP: 14/16 MP: 3/3
   725 | D:2      | Reached XP level 3. HP: 17/20 MP: 4/4
   786 | D:2      | Found a faded altar of an unknown god.
  1169 | D:2      | Noticed Robin
  1174 | D:2      | Gained mutation: Your natural rate of healing is unusually
                  | fast. [Vine Stalker growth]
  1174 | D:2      | Reached XP level 4. HP: 24/24 MP: 3/5
  1183 | D:2      | Killed Robin
  1774 | D:3      | Noticed Terence
  1774 | D:3      | Noticed Grinder
  1813 | D:3      | Paralysed by Grinder for 5 turns
  1816 | D:3      | HP: 1/25 [Grinder (1)]
  1816 | D:3      | Slain by an orc

Illustrated notes

Levels and vault maps discovered:
D:1:      scummos_arrival_checkerplants, layout_basic
D:2:      layout_loops_ring, chequers_ecumenical_altar_island, uniq_robin
D:3:      layout_loops_cross, old_standard_altar, cheibriados_altar_1,
          minmay_tree_intersection, minmay_cut_off, uniq_terence, uniq_natasha,
          uniq_ijyb, uniq_grinder

Skill      XL: |  1  2  3 |
---------------+----------+-----
Short Blades   | 2 3 |  3.6
Fighting       | 3 |  3.6
Armour         | |  2.4
Shields        | |  2.6

Action                   |  1- 3 |  4- 6 || total
-------------------------+-------+-------++-------
Melee: Rapier            |    63 |    62 ||   125
       Bite              |    15 |    18 ||    33
Armor: Scale mail        |    25 |    30 ||    55
Dodge: Dodged            |     9 |    22 ||    31
Block: Kite shield       |    22 |    31 ||    53
